Description

Protoss vs all races, easy to follow.

GLHF!

All credit to Zuka.

Build Order

Get SALT Encoding   

  14  0:20  Pylon  Scout
  15  0:40  Gateway  
  16  0:48  Assimilator  
  17  0:58  Assimilator  
  19  1:13  Gateway  
  20  1:28  Cybernetics Core  
  20  1:37  Pylon  Scout again
  23  2:02  Stalker x2 (Chrono Boost)  Attack
  27  2:08  Warp Gate  
  27  2:24  Stalker x2  Support
  31  2:36  Pylon  
  31  2:56  Nexus  
  32  3:10  Robotics Facility  
  33  3:22  Pylon  
  32  3:48  Gateway  
  34  3:57  Observer (Chrono Boost)  Scout
  34  4:00  Robotics Bay  
  35  4:06  Stalker x2  
  43  4:27  Immortal (Chrono Boost)  
  49  4:45  Assimilator x2  
  51  4:55  Colossus (Chrono Boost)  
  58  5:05  Extended Thermal Lance  
  61  5:22  Pylon  
  62  5:35  Nexus  
  64  5:53  Colossus (Chrono Boost)  
  72  6:02  Forge  
  74  6:11  Stalker x2  
  78  6:22  Gateway  
  78  6:30  Protoss Ground Weapons Level 1 (Chrono Boost)  
  78  6:36  Colossus (Chrono Boost)  
  86  6:52  Twilight Council  
  89  6:57  Stalker x2  
  96  7:14  Photon Cannon x2  Place at first and 2nd base
  99  7:24  Colossus (Chrono Boost)  
  108  7:31  Charge  
  109  7:48  Gateway x2  
  109  7:58  Gateway  
  117  8:08  Observer (Chrono Boost)  
  124  8:20  Protoss Ground Weapons Level 2 (Chrono Boost)  
  124  8:23  Colossus (Chrono Boost)  
  133  8:38  Nexus  
  144  9:07  Warp Prism (Chrono Boost)  
  149  9:27  Gateway x3, Templar Archives  
  149  9:36  Colossus (Chrono Boost)  Attack
Spawning Tool Build Advisor. Get it on Overwolf

Analysis

Scout after first pylon. Scout again 1:45. Move out with 4 stalkers 3:00. Send observer to opponent's base 4:20. Add between 2 and 3 cannons at each base when you take your 3rd base. Attack when ground weapons upgrade level 2 has finished, with 6 colossus, 1 immortal, 1 warp prism, 1 observer, and a lot of stalkers, at 200 supply ~10:30.

Go to:

Details

  • Created by: Rage
  • Published on: Jun 05, 2020
  • Modified on: Jun 05, 2020
  • Patch: 4.11.0
  • Difficulty: Easy
Show
View Real Time Build Order
Export as new Build Order

Comments (0)

There are no comments. Be the first!

Create an account to comment!